AoeStats
← GeneralFailure

Arena

503990211Analyzed
4v4 RM · 27d ago on Sep 3, 2026· 50m 12s· 8 players
Game mode
Random Map
Map size
Large (8 player)
Population
200
Speed
Normal
Resources
Standard
Victory
Conquest
Starting age
Dark Age
Ending age
Imperial Age
RankedLock teamsTeams togetherTeam positionsShared explorationLock speedFull tech treeHidden civsTurbo modeCheats
Victory
Defeat
🇨🇳 Vietnamese · China
1305
+11
🇭🇰 Khmer · Hong Kong SAR China
1250
+14
🇦🇺 Japanese · Australia
1230
+14
🇨🇳 Burgundians · China
1159
+17
🇦🇷 Ethiopians · Argentina
1262
-17
🇹🇷 Hindustanis · Türkiye
1225
-15
🇸🇮 Britons · Slovenia
1196
-14
🇩🇪 Burgundians · Germany
1104
-10
GeneralFailure
11:23 Feudal Age
15:42 Castle Age
13:34 Horse Collar
14:37 Double-Bit Axe
25:21 Wheelbarrow
30:47 Imperial Age
29:12 Padded Archer Armor
29:25 Loom
30:20 Crossbowman
31:00 Pikeman
33:47 Conscription
33:21 Halberdier
36:00 Scale Mail Armor
39:55 Chain Mail Armor
43:40 Forging
44:12 Fletching
elgalle02
10:49 Feudal Age
10:06 Loom
14:37 Castle Age
19:54 Forging
22:57 Scale Mail Armor
27:49 Horse Collar
31:39 Chain Mail Armor
32:23 Fortified Wall
32:34 Ballistics
32:07 Elite Skirmisher
33:02 Padded Archer Armor
32:53 Fletching
35:52 Fletching
36:26 Heavy Plow
39:54 Masonry
40:33 Bodkin Arrow
41:27 Gold Mining
41:55 Leather Archer Armor
44:42 Wheelbarrow
45:49 Iron Casting
45:23 Thumb Ring
CorumluTony
10:06 Feudal Age
13:05 Loom
15:43 Castle Age
13:39 Double-Bit Axe
14:13 Gold Mining
16:36 Horse Collar
20:06 Bow Saw
22:02 Scale Barding Armor
23:10 Forging
24:07 Redemption
24:29 Husbandry
24:42 Bloodlines
26:01 Wheelbarrow
30:52 Imperial Age
28:10 Town Watch
29:04 Hand Cart
29:15 Ballistics
29:01 Heavy Plow
29:16 Fletching
29:26 Padded Archer Armor
30:42 Chain Barding Armor
31:35 Bodkin Arrow
33:06 Chemistry
33:35 Light Cavalry
33:54 Elite Skirmisher
34:40 Thumb Ring
35:06 Leather Archer Armor
39:18 Pikeman
39:58 Squires
40:53 Ring Archer Armor
41:34 Plate Barding Armor
41:10 Heavy Camel Rider
42:29 Scale Mail Armor
43:05 Iron Casting
43:48 Chain Mail Armor
45:42 Bracer
sennsen87
0:41 Loom
4:03 Double-Bit Axe
12:05 Feudal Age
11:02 Gold Mining
11:15 Horse Collar
12:24 Wheelbarrow
13:47 Town Watch
17:41 Castle Age
17:07 Scale Barding Armor
18:02 Forging
18:43 Husbandry
21:31 Stone Mining
24:04 Cavalier
29:29 Heavy Plow
29:44 Bow Saw
29:58 Fletching
30:42 Murder Holes
31:36 Fortified Wall
36:26 Gold Shaft Mining
37:13 Chain Barding Armor
38:34 Hand Cart
38:56 Pikeman
39:37 Squires
45:50 Imperial Age
44:36 Scale Mail Armor
44:32 Bodkin Arrow
50:00 Chain Mail Armor
50:21 Iron Casting
_LX_
4:45 Loom
11:10 Feudal Age
14:50 Castle Age
12:59 Double-Bit Axe
13:26 Horse Collar
15:50 Bow Saw
16:30 Loom
21:04 Heavy Plow
23:22 Wheelbarrow
24:24 Fletching
24:34 Padded Archer Armor
23:58 Crossbowman
27:30 Imperial Age
25:27 Bodkin Arrow
26:11 Hand Cart
26:22 Gold Mining
26:55 Leather Archer Armor
27:18 Ballistics
27:33 Scale Barding Armor
27:38 Forging
28:16 Stone Mining
28:35 Bracer
28:44 Thumb Ring
28:41 Arbalester
30:09 Scale Mail Armor
30:40 Town Watch
30:28 Pikeman
31:08 Squires
31:25 Chain Mail Armor
31:46 Iron Casting
31:56 Ring Archer Armor
31:45 Town Patrol
31:38 Arson
32:55 Chemistry
32:10 Halberdier
33:53 Plate Mail Armor
34:32 Crop Rotation
34:37 Paper Money
35:06 Elite Skirmisher
36:31 Siege Engineers
36:08 Imperial Skirmisher
37:29 Chain Barding Armor
37:23 Cavalier
38:06 Husbandry
38:18 Bloodlines
39:21 Plate Barding Armor
38:09 Light Cavalry
40:01 Chatras
39:23 Elite Battle Elephant
46:35 Stone Shaft Mining
48:12 Two-Man Saw
虫
11:58 Feudal Age
13:51 Double-Bit Axe
13:53 Horse Collar
16:45 Castle Age
18:40 Bow Saw
18:32 Heavy Plow
22:07 Wheelbarrow
23:28 Gold Mining
23:28 Stone Mining
25:46 Hand Cart
30:12 Imperial Age
27:28 Loom
27:29 Town Watch
28:28 Town Patrol
29:11 Gold Shaft Mining
28:26 Stone Mining
29:00 Scale Barding Armor
29:05 Forging
29:00 Stone Mining
29:38 Husbandry
29:48 Bloodlines
29:40 Tusk Swords
31:16 Conscription
32:02 Chain Barding Armor
32:17 Iron Casting
31:51 Capped Ram
32:19 Elite Battle Elephant
33:21 Siege Ram
34:47 Plate Barding Armor
35:13 Blast Furnace
35:46 Devotion
36:28 Crop Rotation
38:38 Faith
39:36 Heavy Scorpion
40:52 Fortified Wall
41:44 Chemistry
50:48 Padded Archer Armor
50:39 Fletching
Porkroll
11:32 Feudal Age
15:22 Castle Age
14:28 Forging
14:03 Man-at-Arms
18:42 Long Swordsman
23:35 Scale Mail Armor
24:53 Pikeman
30:15 Squires
38:54 Iron Casting
38:34 Chain Mail Armor
41:44 Wheelbarrow
41:06 Horse Collar
41:25 Double-Bit Axe
Wosnwbwk
9:26 Double-Bit Axe
9:21 Horse Collar
13:16 Feudal Age
17:24 Castle Age
15:37 Bow Saw
15:25 Gold Mining
15:56 Heavy Plow
17:09 Loom
18:13 Gold Shaft Mining
Connection lost

Rejoining the realm…

Still unreachable

The connection could not be restored.

Session expired

The server has moved on; the page needs a fresh start.